TOP OF THE 1ST |
Dayton Dragons batting - Pitching for Hartford Yard Goats : RHP Angelo Ayala
|
Pitching: RHP Angelo Ayala
|
|
Batting: LHB Leo Gomez
|
0-0: Called Strike 0-1: Ball 1-1: Foul Ball, location: 2F 1-2: Ball 2-2: Strikes out swinging
|
Batting: LHB Matthew Berry
|
0-0: Ball 1-0: Called Strike 1-1: Ball 2-1: Foul Ball, location: 2F 2-2: Ground out 6-3 (Groundball, 6M, EV 103.8 MPH)
|
Batting: LHB Chris Grunwald
|
0-0: Ball 1-0: Ball 2-0: Called Strike 2-1: Ball 3-1: Called Strike 3-2: Base on Balls
|
Batting: SHB Kristian Kristensen
|
0-0: Foul Ball, location: 2F 0-1: Ball 1-1: Ball Chris Grunwald is caught stealing 2nd base 2-6
|
Top of the 1st over - 0 runs, 0 hits, 0 errors, 0 left on base; Dayton 0 - Hartford 0 |
BOTTOM OF THE 1ST |
Hartford Yard Goats batting - Pitching for Dayton Dragons : RHP Roberto Cortez
|
Pitching: RHP Roberto Cortez
|
|
Batting: SHB Pete Perla
|
0-0: Swinging Strike 0-1: Called Strike 0-2: Ball 1-2: Strikes out looking
|
Batting: SHB Bobby Santor
|
0-0: Ball 1-0: Ball 2-0: Called Strike 2-1: Called Strike 2-2: Ball 3-2: Strikes out swinging
|
Batting: SHB In-sung Lee
|
0-0: TRIPLE (Flyball, 8LXD, EV 90.6 MPH)
|
Batting: LHB Jeremy Brammer
|
0-0: Called Strike 0-1: Called Strike 0-2: Strikes out swinging
|
Bottom of the 1st over - 0 runs, 1 hit, 0 errors, 1 left on base; Dayton 0 - Hartford 0 |
TOP OF THE 2ND |
Dayton Dragons batting - Pitching for Hartford Yard Goats : RHP Angelo Ayala
|
Batting: SHB Kristian Kristensen
|
0-0: Called Strike 0-1: Foul Ball, location: 2F 0-2: Ball 1-2: SINGLE (Groundball, 3D, EV 102.5 MPH)
|
Batting: RHB Bruno André
|
0-0: Called Strike 0-1: Ball 1-1: SINGLE (Line Drive, 3D, EV 105.6 MPH) Kristian Kristensen to second
|
Batting: RHB Jonathan Davis
|
0-0: Called Strike 0-1: Called Strike 0-2: Strikes out swinging
|
Batting: RHB Pat Grover
|
0-0: Ball 1-0: Foul Ball, location: 2F 1-1: Ball 2-1: Foul Ball, location: 2F 2-2: SINGLE (Groundball, 6MD, EV 105.0 MPH) Kristian Kristensen to third Bruno André to second Runner from 3rd tries for Home, throw by CF and OUT! 8-2
|
Batting: RHB Frank Moron
|
0-0: Foul Ball, location: 2F 0-1: Foul Ball, location: 2F 0-2: Ball 1-2: Strikes out swinging
|
Top of the 2nd over - 0 runs, 3 hits, 0 errors, 2 left on base; Dayton 0 - Hartford 0 |
BOTTOM OF THE 2ND |
Hartford Yard Goats batting - Pitching for Dayton Dragons : RHP Roberto Cortez
|
Batting: RHB Eric Garrett
|
0-0: Reached on error, E6 (Groundball, 6S, EV 93.1 MPH)
|
Batting: RHB Eric Delgado
|
0-0: Ball 1-0: SINGLE (Groundball, 56S, EV 70.0 MPH) (infield hit) Eric Garrett to second
|
Batting: RHB Steve Waltenbery
|
0-0: Called Strike 0-1: Ball 1-1: Foul Ball, location: 2F 1-2: Foul Ball, location: 2F 1-2: Foul Ball, location: 2F 1-2: Ball 2-2: Ball 3-2: Foul Ball, location: 2F 3-2: Fly out, F7 (Flyball, 7S, EV 90.6 MPH)
|
Batting: LHB Mick Knopp
|
0-0: Ball 1-0: Foul Ball, location: 2F 1-1: 3-RUN HOME RUN (Flyball, 7LD, EV 94.4 MPH), Distance : 356 ft
|
Batting: SHB Jamie Locke
|
0-0: Ball 1-0: Ball 2-0: Ball 3-0: Called Strike 3-1: Base on Balls
|
Batting: SHB Pete Perla
|
0-0: Ball 1-0: Ball 2-0: Ball 3-0: Called Strike 3-1: Base on Balls Jamie Locke to second
|
Batting: SHB Bobby Santor
|
0-0: Called Strike 0-1: Ball 1-1: Ball 2-1: Called Strike 2-2: Ball Wild Pitch! Jamie Locke to third Pete Perla to second 3-2: Fly out, F6 (Popup, 6D, EV 65.0 MPH)
|
Batting: SHB In-sung Lee
|
0-0: Ball 1-0: SINGLE (Flyball, 7S, EV 91.3 MPH) Jamie Locke scores Pete Perla to third Runner from 3rd tries for Home, throw by LF and OUT! 7-2
|
Bottom of the 2nd over - 4 runs, 3 hits, 1 error, 1 left on base; Dayton 0 - Hartford 4 |
TOP OF THE 3RD |
Dayton Dragons batting - Pitching for Hartford Yard Goats : RHP Angelo Ayala
|
Batting: RHB Tim Walter
|
0-0: Swinging Strike 0-1: Ball 1-1: Ball 2-1: Ground out 6-3 (Groundball, 6, EV 105.6 MPH)
|
Batting: LHB Leo Gomez
|
0-0: Ball 1-0: Fly out, F8 (Flyball, 8RD, EV 103.1 MPH)
|
Batting: LHB Matthew Berry
|
0-0: Fly out, F4 (Popup, 4M, EV 60.6 MPH)
|
Top of the 3rd over - 0 runs, 0 hits, 0 errors, 0 left on base; Dayton 0 - Hartford 4 |
BOTTOM OF THE 3RD |
Hartford Yard Goats batting - Pitching for Dayton Dragons : RHP Roberto Cortez
|
Batting: LHB Jeremy Brammer
|
0-0: Swinging Strike 0-1: Ball 1-1: Swinging Strike 1-2: Ball 2-2: Ball 3-2: Fly out, F9 (Flyball, 9LS, EV 81.3 MPH)
|
Batting: RHB Eric Garrett
|
0-0: Ball 1-0: Ball 2-0: Foul Ball, location: 2F 2-1: Foul Ball, location: 2F 2-2: Ball 3-2: Base on Balls
|
Batting: RHB Eric Delgado
|
0-0: Called Strike 0-1: Ball 1-1: Foul Ball, location: 2F 1-2: Strikes out swinging
|
Batting: RHB Steve Waltenbery
|
0-0: Ball Eric Garrett steals 2nd base 1-0: Ball 2-0: Ground out 6-3 (Groundball, 6, EV 103.8 MPH)
|
Bottom of the 3rd over - 0 runs, 0 hits, 0 errors, 1 left on base; Dayton 0 - Hartford 4 |
TOP OF THE 4TH |
Dayton Dragons batting - Pitching for Hartford Yard Goats : RHP Angelo Ayala
|
Batting: LHB Chris Grunwald
|
0-0: Foul Ball, location: 2F 0-1: Ball 1-1: Ball 2-1: Foul Ball, location: 2F 2-2: Ball 3-2: Base on Balls
|
Batting: SHB Kristian Kristensen
|
0-0: Ball 1-0: TRIPLE (Line Drive, 8RXD, EV 110.6 MPH) Chris Grunwald scores
|
Batting: RHB Bruno André
|
0-0: Ball 1-0: Swinging Strike 1-1: Ball 2-1: Foul Ball, location: 2F 2-2: Strikes out looking
|
Batting: RHB Jonathan Davis
|
0-0: Called Strike 0-1: Foul Ball, location: 2F 0-2: Ball 1-2: Ball 2-2: Foul Ball, location: 2F 2-2: Ball Wild Pitch! Kristian Kristensen scores 3-2: Foul Ball, location: 2F 3-2: Foul Ball, location: 2F 3-2: Fly out, F8 (Line Drive, 8LM, EV 85.0 MPH)
|
Batting: RHB Pat Grover
|
0-0: Ball 1-0: Ball 2-0: Swinging Strike 2-1: Foul Ball, location: 2F 2-2: Strikes out swinging
|
Top of the 4th over - 2 runs, 1 hit, 0 errors, 0 left on base; Dayton 2 - Hartford 4 |
BOTTOM OF THE 4TH |
Hartford Yard Goats batting - Pitching for Dayton Dragons : RHP Roberto Cortez
|
Batting: LHB Mick Knopp
|
0-0: Called Strike 0-1: Ball 1-1: Ball 2-1: Fly out, F4 (Flyball, 4D, EV 92.5 MPH)
|
Batting: SHB Jamie Locke
|
0-0: Called Strike 0-1: Foul Ball, location: 2F 0-2: Ball 1-2: Strikes out swinging
|
Batting: SHB Pete Perla
|
0-0: Swinging Strike 0-1: Ball 1-1: Swinging Strike 1-2: Foul Ball, location: 2F 1-2: Strikes out swinging
|
Bottom of the 4th over - 0 runs, 0 hits, 0 errors, 0 left on base; Dayton 2 - Hartford 4 |
TOP OF THE 5TH |
Dayton Dragons batting - Pitching for Hartford Yard Goats : RHP Angelo Ayala
|
Batting: RHB Frank Moron
|
0-0: Swinging Strike 0-1: Ball 1-1: Swinging Strike 1-2: Strikes out swinging
|
Batting: RHB Tim Walter
|
0-0: Called Strike 0-1: Ball 1-1: Foul Ball, location: 2F 1-2: Ground out 6-3 (Groundball, 6D, EV 106.3 MPH)
|
Pitching: RHP Joe Goodale
|
|
Batting: LHB Leo Gomez
|
0-0: Ball 1-0: Called Strike 1-1: Ground out 6-3 (Groundball, 6MS, EV 68.1 MPH)
|
Top of the 5th over - 0 runs, 0 hits, 0 errors, 0 left on base; Dayton 2 - Hartford 4 |
BOTTOM OF THE 5TH |
Hartford Yard Goats batting - Pitching for Dayton Dragons : RHP Roberto Cortez
|
Batting: SHB Bobby Santor
|
0-0: Ball 1-0: Fly out, F7 (Flyball, 7S, EV 91.3 MPH)
|
Batting: SHB In-sung Lee
|
0-0: Called Strike 0-1: Ball 1-1: SOLO HOME RUN (Flyball, 9D, EV 99.4 MPH), Distance : 385 ft
|
Pitching: LHP Matt Estock
|
|
Batting: LHB Jeremy Brammer
|
0-0: Ball 1-0: Ball 2-0: Swinging Strike 2-1: Called Strike 2-2: Foul Ball, location: 2F 2-2: Ball 3-2: Fly out, F8 (Flyball, 78D, EV 89.4 MPH)
|
Batting: RHB Eric Garrett
|
0-0: Ball 1-0: Called Strike 1-1: Foul Ball, location: 2F 1-2: Ground out 4-3 (Groundball, 4M, EV 81.9 MPH)
|
Bottom of the 5th over - 1 run, 1 hit, 0 errors, 0 left on base; Dayton 2 - Hartford 5 |
TOP OF THE 6TH |
Dayton Dragons batting - Pitching for Hartford Yard Goats : RHP Joe Goodale
|
Batting: LHB Matthew Berry
|
0-0: Ball 1-0: Ball 2-0: Ground out 5-3 (Groundball, 56S, EV 79.4 MPH)
|
Batting: LHB Chris Grunwald
|
0-0: Called Strike 0-1: Ball 1-1: Ball 2-1: Foul Ball, location: 2F 2-2: Ball 3-2: Base on Balls
|
Batting: SHB Kristian Kristensen
|
0-0: Ball 1-0: Called Strike Chris Grunwald steals 2nd base 1-1: Foul Ball, location: 2F 1-2: Ball 2-2: Foul Ball, location: 2F 2-2: Ground out 6-3 (Groundball, 6D, EV 86.9 MPH) Chris Grunwald to third
|
Batting: RHB Bruno André
|
0-0: Called Strike 0-1: Ball 1-1: Ball 2-1: Ball 3-1: Called Strike 3-2: SINGLE (Line Drive, 3D, EV 94.4 MPH) Chris Grunwald scores
|
Batting: RHB Jonathan Davis
|
0-0: Ball 1-0: SINGLE (Line Drive, 6M, EV 97.5 MPH) Bruno André to second Runner from 2nd tries for 3rd, SAFE, no throw by CF
|
Batting: RHB Pat Grover
|
0-0: Swinging Strike 0-1: Hit by Pitch Jonathan Davis to second
|
Pinch Hitting: LHB Andrew Hamm
|
0-0: Swinging Strike 0-1: Ball 1-1: Ball 2-1: Ball 3-1: Called Strike 3-2: Foul Ball, location: 2F 3-2: Base on Balls Bruno André scores Jonathan Davis to third Pat Grover to second
|
Pitching: LHP Ryan Morlan
|
|
Batting: RHB Tim Walter
|
0-0: Fielders Choice at 2nd, 6-4 (Groundball, 6, EV 90.0 MPH)
|
Top of the 6th over - 2 runs, 2 hits, 0 errors, 3 left on base; Dayton 4 - Hartford 5 |
BOTTOM OF THE 6TH |
Hartford Yard Goats batting - Pitching for Dayton Dragons : LHP Matt Estock
|
Now at 3B: Travis Petrick
|
|
Batting: RHB Eric Delgado
|
0-0: Ball 1-0: Ball 2-0: Ball 3-0: Called Strike 3-1: Base on Balls
|
Batting: RHB Steve Waltenbery
|
0-0: Ball 1-0: Called Strike 1-1: Swinging Strike 1-2: Ground out 5-3 (Groundball, 5S, EV 69.4 MPH) Eric Delgado to second
|
Batting: LHB Mick Knopp
|
0-0: Foul Ball, location: 2F 0-1: Swinging Strike 0-2: Foul Ball, location: 2F 0-2: Foul Ball, location: 2F 0-2: Ball 1-2: Hit by Pitch
|
Batting: SHB Jamie Locke
|
0-0: Ball 1-0: Ball 2-0: DOUBLE (Line Drive, 9LM, EV 105.0 MPH) Eric Delgado scores Mick Knopp to third
|
Batting: SHB Pete Perla
|
0-0: Swinging Strike 0-1: Foul Ball, location: 2F 0-2: Ball 1-2: Foul Ball, location: 2F 1-2: Foul Ball, location: 2F 1-2: Ball 2-2: Strikes out looking
|
Batting: SHB Bobby Santor
|
0-0: Called Strike 0-1: Fly out, F8 (Flyball, 8LXD, EV 105.0 MPH)
|
Bottom of the 6th over - 1 run, 1 hit, 0 errors, 2 left on base; Dayton 4 - Hartford 6 |
TOP OF THE 7TH |
Dayton Dragons batting - Pitching for Hartford Yard Goats : LHP Ryan Morlan
|
Batting: LHB Leo Gomez
|
0-0: Swinging Strike 0-1: Ground out 4-3 (Groundball, 4, EV 77.5 MPH)
|
Batting: LHB Matthew Berry
|
0-0: Ball 1-0: Called Strike 1-1: Foul Ball, location: 2F 1-2: Strikes out swinging
|
Batting: LHB Chris Grunwald
|
0-0: Called Strike 0-1: Swinging Strike 0-2: Ball 1-2: Foul Ball, location: 2F 1-2: Fly out, F9 (Flyball, 9S, EV 76.9 MPH)
|
Top of the 7th over - 0 runs, 0 hits, 0 errors, 0 left on base; Dayton 4 - Hartford 6 |
BOTTOM OF THE 7TH |
Hartford Yard Goats batting - Pitching for Dayton Dragons : LHP Matt Estock
|
Pitching: RHP Joe Green
|
|
Batting: SHB In-sung Lee
|
0-0: Ball 1-0: SINGLE (Flyball, 56D, EV 97.5 MPH) - OUT at second base trying to stretch hit.
|
Batting: LHB Jeremy Brammer
|
0-0: Ball 1-0: Called Strike 1-1: Foul Ball, location: 2F 1-2: Ball 2-2: SINGLE (Line Drive, 9S, EV 110.0 MPH)
|
Batting: RHB Eric Garrett
|
0-0: Ball 1-0: Called Strike 1-1: Ball 2-1: Ball 3-1: Called Strike 3-2: Foul Ball, location: 2F 3-2: Base on Balls Jeremy Brammer to second
|
Batting: RHB Eric Delgado
|
0-0: Ball Passed Ball! Jeremy Brammer to third Eric Garrett to second 1-0: Ball 2-0: Foul Ball, location: 2F 2-1: Ball 3-1: Called Strike 3-2: Ground out 5-3 (Groundball, 56S, EV 85.0 MPH) Jeremy Brammer scores
|
Pitching: RHP Doug Elliott
|
|
Batting: RHB Steve Waltenbery
|
0-0: Ball 1-0: SINGLE (Groundball, P, EV 85.6 MPH) (infield hit) Eric Garrett to third
|
Batting: LHB Mick Knopp
|
0-0: Ball Steve Waltenbery steals 2nd base 1-0: Ball 2-0: Ball 3-0: Called Strike 3-1: Called Strike 3-2: Base on Balls
|
Batting: SHB Jamie Locke
|
0-0: Ball 1-0: Ball 2-0: Swinging Strike 2-1: Foul Ball, location: 2F 2-2: SINGLE (Groundball, 34S, EV 66.9 MPH) (infield hit) Eric Garrett scores Steve Waltenbery to third Mick Knopp to second
|
Batting: SHB Pete Perla
|
0-0: Ball 1-0: Swinging Strike 1-1: Ball 2-1: Called Strike 2-2: Ball 3-2: Base on Balls Steve Waltenbery scores Mick Knopp to third Jamie Locke to second
|
Batting: SHB Bobby Santor
|
0-0: Ball 1-0: DOUBLE (Groundball, 5L, EV 98.8 MPH) Mick Knopp scores Jamie Locke scores Pete Perla to third Runner from 3rd tries for Home, SAFE, throw by LF to home
|
Pitching: LHP Mark Sandoval
|
|
Batting: SHB In-sung Lee
|
0-0: Ground out 5-3 (Groundball, 56, EV 79.4 MPH)
|
Bottom of the 7th over - 6 runs, 5 hits, 0 errors, 1 left on base; Dayton 4 - Hartford 12 |
TOP OF THE 8TH |
Dayton Dragons batting - Pitching for Hartford Yard Goats : LHP Ryan Morlan
|
Batting: SHB Kristian Kristensen
|
0-0: Ball 1-0: Foul Ball, location: 2F 1-1: Ball 2-1: Called Strike 2-2: Strikes out swinging
|
Batting: RHB Bruno André
|
0-0: Called Strike 0-1: Ball 1-1: Foul Ball, location: 2F 1-2: Foul Ball, location: 2F 1-2: Ball 2-2: Ball 3-2: Foul Ball, location: 2F 3-2: SINGLE (Line Drive, 3D, EV 102.5 MPH)
|
Pitching: RHP Nate Dallman
|
|
Batting: RHB Jonathan Davis
|
0-0: Swinging Strike 0-1: Ball 1-1: Foul Ball, location: 2F 1-2: Ball 2-2: Strikes out looking
|
Batting: RHB Pat Grover
|
0-0: Foul Ball, location: 2F 0-1: Ball 1-1: Ball 2-1: Foul Ball, location: 2F 2-2: Strikes out looking
|
Top of the 8th over - 0 runs, 1 hit, 0 errors, 1 left on base; Dayton 4 - Hartford 12 |
BOTTOM OF THE 8TH |
Hartford Yard Goats batting - Pitching for Dayton Dragons : LHP Mark Sandoval
|
Batting: LHB Jeremy Brammer
|
0-0: Called Strike 0-1: Ball 1-1: Ground out 6-3 (Groundball, 6M, EV 78.1 MPH)
|
Batting: RHB Eric Garrett
|
0-0: Called Strike 0-1: Ball 1-1: SINGLE (Flyball, 78S, EV 87.5 MPH)
|
Batting: RHB Eric Delgado
|
0-0: Ground out 5-3 (Groundball, 56, EV 105.6 MPH) Eric Garrett to second
|
Batting: RHB Steve Waltenbery
|
0-0: Called Strike 0-1: Ball 1-1: Called Strike 1-2: Ground out 6-3 (Groundball, 6, EV 103.8 MPH)
|
Bottom of the 8th over - 0 runs, 1 hit, 0 errors, 1 left on base; Dayton 4 - Hartford 12 |
TOP OF THE 9TH |
Dayton Dragons batting - Pitching for Hartford Yard Goats : RHP Nate Dallman
|
Batting: RHB Travis Petrick
|
0-0: SINGLE (Groundball, 4MD, EV 100.0 MPH)
|
Pinch Hitting: LHB Matt Kennedy
|
0-0: Foul Ball, location: 2F 0-1: Ball 1-1: Fly out, F2 (Popup, 2RF, EV 91.9 MPH)
|
Batting: LHB Leo Gomez
|
0-0: TRIPLE (Flyball, 89XD, EV 110.6 MPH) Travis Petrick scores
|
Batting: LHB Matthew Berry
|
0-0: Ball 1-0: Ball 2-0: Called Strike 2-1: Foul Ball, location: 2F 2-2: Ball 3-2: SINGLE (Line Drive, 9S, EV 97.5 MPH) Leo Gomez scores
|
Batting: LHB Chris Grunwald
|
0-0: Ball 1-0: Ball 2-0: Ball 3-0: Base on Balls Matthew Berry to second
|
Batting: SHB Kristian Kristensen
|
0-0: Ball 1-0: Ball 2-0: Swinging Strike 2-1: Ball 3-1: Called Strike 3-2: Base on Balls Matthew Berry to third Chris Grunwald to second
|
Batting: RHB Bruno André
|
0-0: SINGLE (Line Drive, 89M, EV 98.8 MPH) Matthew Berry scores Chris Grunwald to third Kristian Kristensen to second
|
Pitching: LHP Greg Burngooch
|
|
Batting: RHB Jonathan Davis
|
0-0: Ball 1-0: Ball 2-0: Ball 3-0: Called Strike 3-1: Called Strike 3-2: Strikes out swinging
|
Batting: RHB Pat Grover
|
0-0: Ball 1-0: Ball 2-0: Ball 3-0: Swinging Strike 3-1: Swinging Strike 3-2: Strikes out swinging
|
Top of the 9th over - 3 runs, 4 hits, 0 errors, 3 left on base; Dayton 7 - Hartford 12 |
|